 Dungeon Crawl Stone Soup version 0.30-a0-950-gbf40cfac39 (webtiles) character file.

Game seed: 9853362108998894705

11600 112233 the Zephyrmancer (level 11, -3/54 HPs)
             Began as a Tengu Air Elementalist on Mar 28, 2023.
             Was an Elder of Vehumet.
             Slain by a freezing wraith (21 damage)
             ... on level 9 of the Dungeon.
             The game lasted 00:14:08 (14400 turns).

112233 the Zephyrmancer (Tengu Air Elementalist)   Turns: 14400, Time: 00:14:09

Health: -3/54      AC:  5    Str:  6    XL:     11   Next: 80%
Magic:  29/29      EV: 14    Int: 26    God:    Vehumet [****..]
Gold:   644        SH:  0    Dex: 15    Spells: 15/37 levels left

rFire   + + +      SeeInvis +    w - +2 flail (protect)
rCold   . . .      Faith    .    (no shield)
rNeg    + . .      Spirit   .    G - +1 robe "Urghoin" {rElec rF+++ rN+ Str-2}
rPois   .          Reflect  .    I - +2 hat
rElec   +          Rampage  .    (no cloak)
rCorr   .                        (no gloves)
Will    .....                    (boots unavailable)
Stlth   ++                       L - amulet of magic regeneration
HPRegen 0.29/turn                d - +6 ring of intelligence
MPRegen 0.61/turn                y - ring of see invisible

@: about to teleport, flying quickly and evasively, slowed, very slow
A: beak, talons 3, nimble flight, no potion heal 1, noise suppression
a: Renounce Religion


You were on level 9 of the Dungeon.
You worshipped Vehumet.
Vehumet was greatly pleased with you.
You visited 2 branches of the dungeon, and saw 11 of its levels.

You collected 644 gold pieces.

Inventory:

Hand Weapons
 w - a +2 flail of protection (weapon)
Missiles
 i - 7 throwing nets
Armour
 a - a +1 robe
 r - a +0 kite shield
 G - the +1 robe "Urghoin" (worn) {rElec rF+++ rN+ Str-2}
   (You found it on level 7 of the Dungeon)

   Str:       It affects your strength (-2).
   rF:        It renders you almost immune to fire.
   rElec:     It insulates you from electricity.
   rN:        It protects you from negative energy.
 I - a +2 hat (worn)
Jewellery
 d - a +6 ring of intelligence (left hand)
 h - an amulet of the acrobat
 l - a ring of poison resistance
 y - a ring of see invisible (right hand)
 K - a ring of positive energy
 L - an amulet of magic regeneration (around neck)
 O - a ring of willpower
Wands
 f - a wand of digging (2)
 J - a wand of flame (20) (quivered)
 N - a wand of polymorph (2)
 P - a wand of charming (5)
Scrolls
 c - 5 scrolls of immolation
 e - a scroll of poison
 j - a scroll of amnesia
 m - 2 scrolls of enchant armour
 n - 2 scrolls of teleportation
 p - 2 scrolls of fear {unknown}
 q - 2 scrolls of vulnerability
 s - a scroll of summoning {unknown}
 u - a scroll of blinking {unknown}
 x - a scroll of noise
 z - a scroll of enchant weapon {unknown}
 A - a scroll of silence {unknown}
 B - a scroll of brand weapon {unknown}
 C - a scroll of fog {unknown}
 M - a scroll of torment {unknown}
Potions
 b - 2 potions of magic
 g - 2 potions of curing
 k - a potion of brilliance
 o - a potion of attraction
 t - 3 potions of berserk rage
 v - a potion of lignification
 D - a potion of resistance
 E - 2 potions of flight
 F - 2 potions of heal wounds
 H - a potion of ambrosia {unknown}
 Q - a potion of degeneration {unknown}


   Skills:
 - Level 2.1 Dodging
 - Level 2.0 Stealth
 * Level 13.8 Spellcasting
 - Level 1.3 Conjurations
 + Level 14.3 Air Magic


You had 15 spell levels left.
You knew the following spells:

 Your Spells              Type           Power      Damage    Failure   Level
a - Shock                 Conj/Air       100%       1d9       1%          1
b - Static Discharge      Conj/Air       100%       2-7/arc   1%          2
c - Airstrike             Air            37%        2d(6-22)  1%          4
d - Swiftness             Air            75%        N/A       1%          3
e - Blink                 Tloc           34%        N/A       4%          2
f - Arcjolt               Conj/Air       28%        1d38      1%          5
g - Plasma Beam           Fire/Air       26%        2x1d42    1%          5

Your spell library contained the following spells:

 Spells                   Type           Power      Damage    Failure   Level
 Irradiate                Conj/Tmut      10%        3d15      17%         5
 Freeze                   Ice            68%        1d8       1%          1
 Momentum Strike          Conj/Tloc      42%        3d9       1%          2
 Hailstorm                Conj/Ice       21%        3d6       1%          3
 Vhi's Electric Charge    Tloc/Air       100%       N/A       1%          3
 Frozen Ramparts          Ice            34%        1d6       2%          3
 Freezing Cloud           Conj/Ice/Air   22%        6-21      2%          5
 Lesser Beckoning         Tloc           34%        N/A       4%          2
 Gell's Gravitas          Tloc           17%        N/A       10%         3
 Ozocubu's Armour         Ice            17%        N/A       10%         3
 Teleport Other           Tloc           17%        N/A       10%         3
 Tukima's Dance           Hex            17%        N/A       10%         3
 Yara's Violent Unravell  Hex/Tmut       8%         3d5       22%         5
 Manifold Assault         Tloc           17%        N/A       30%         4
 Passage of Golubria      Tloc           17%        N/A       30%         4
 Alistair's Intoxication  Tmut/Pois      11%        N/A       65%         5
 Borgnjor's Vile Clutch   Necr/Erth      8%         N/A       65%         5
 Eringya's Noxious Bog    Tmut/Pois      8%         N/A       71%         6
 Storm Form               Tmut/Air       26%        N/A       80%         7
 Dispersal                Tloc           8%         N/A       99%         6
 Simulacrum               Ice/Necr       8%         N/A       99%         6
 Ozocubu's Refrigeration  Ice            8%         4d9       99%         7
 Polar Vortex             Ice            8%         N/A       100%        9


Dungeon Overview and Level Annotations

Branches:
Dungeon (10/15)            Temple (1/1) D:4
   Lair: D:8-11         Orc: D:9-12

Altars:
Ashenzari
Cheibriados
Dithmenos
Elyvilon
Fedhas
Gozag
Hepliaklqana
Kikubaaqudgha
Makhleb
Nemelex Xobeh
Okawaru
Qazlal
Ru
Sif Muna
Trog
Uskayaw
Vehumet
Wu Jian
Xom
Yredelemnul
Zin
The Shining One

Shops:
D:3 (=   D:10 [

Annotations:
D:7 exclusion: downstairs


Innate Abilities, Weirdness & Mutations

You have a beak for a mouth.
You have claws for feet.
Your magical nature lets you fly swiftly and evasively.
Potions are less effective at restoring your health.
You passively dampen the noise of your surroundings.


Message History

Confirm with . or Enter, or press ? or * to list all spells.
Casting: Plasma Beam (dangerous; 1% risk of failure)
Press: ? - help, Dir - look around, f - activate The bolt of lightning hits the death knight!
The death knight is severely wounded.
The fiery plasma hits the death knight!!
You kill the death knight!
Vehumet accepts your kill.
You feel your power returning.
Your damage is reflected back at you!
Unknown command.
Unknown command.
Unknown command.
You start resting.
A yak comes into view.
A yak is nearby!
You reach down and close the door.
You start resting.
Magic restored.
You start resting.
HP restored.
You start waiting.
Done waiting.
You start waiting.
Done waiting.
You reach down and open the door.
There is an open door here.
Things that are here:
a +2 morningstar; a +0 chain mail The freezing wraith hits you.
The freezing wraith freezes you!! The freezing wraith hits you!
The freezing wraith drains your vigour!
You feel yourself slow down.
A freezing wraith is nearby!
Unknown command.
As you read the scroll of teleportation, it crumbles to dust.
You feel strangely unstable. The freezing wraith misses you.
The freezing wraith closely misses you.
Unknown command.
The freezing wraith attacks as you move away!
The freezing wraith hits you. The freezing wraith freezes you!!
You die...

#..###..# #.# #.# ###.##
##.### #.# ###'### #....#
#....###.######## #......
..#.##
##.#............####......
.####
####....######....'......
## ##....# ######...... #
###...# #...... # #(##..##
#...... #. #.#..@.####
#...... ..† ##.##W#....#
###'### ..W)##...#'##..(#
###.# #.[pg.#...)##..#
#...# #...####...# #.###
##.##.#(...# ##'#####
#.#.......#####.......
#(##......##..'....... #
###...)...##.##.......


You could see a freezing wraith.

Vanquished Creatures
  Harold (D:9)
  Erica (D:8)
  A death knight (D:9)
  2 two-headed ogres
  An ugly thing (D:9)
  A cyclops (D:10)
  2 kobold demonologists (D:9)
  2 trolls
  A shadow (D:10)
  A wyvern (D:8)
  12 yaks
  A wraith (D:7)
  A steam dragon (D:6)
  Menkaure (D:6)
  2 swamp worms (D:8)
  2 acid dragons (D:9)
  3 water moccasins
  2 ice beasts
  8 orc warriors
  2 black bears
  2 centaurs
  2 kobold brigands
  3 bullfrogs
  2 gnoll sergeants
  3 scorpions
  10 wights
  4 killer bees (D:9)
  5 howler monkeys
  5 hounds
  A gnoll bouda (D:5)
  2 jellies
  5 orc priests
  A sleepcap (D:6)
  2 iguanas (D:6)
  6 orc wizards
  11 gnolls
  9 adders
  2 shadow imps
  3 worms
  A dart slug (D:4)
  43 orcs
  7 ball pythons
  13 endoplasms
  7 giant cockroaches
  6 goblins
  5 hobgoblins
  6 jackals
  2 quokkas (D:2)
  7 bats
  4 frilled lizards
  14 kobolds
  4 rats
244 creatures vanquished.

Vanquished Creatures (others)
  2 fungi (D:1)
  5 plants
7 creatures vanquished.

Grand Total: 251 creatures vanquished

Notes
Turn   | Place    | Note
-------+----------+-------------------------------------------
     0 | D:1      | 112233 the Tengu Air Elementalist began the quest for the
                  | Orb.
     0 | D:1      | Reached XP level 1. HP: 10/10 MP: 4/4
   218 | D:1      | Reached XP level 2. HP: 15/15 MP: 4/6
   575 | D:1      | Found a faded altar of an unknown god.
   705 | D:1      | Reached XP level 3. HP: 19/19 MP: 5/7
   708 | D:1      | Learned a level 2 spell: Static Discharge
  1188 | D:2      | Reached skill level 5 in Air Magic
  1365 | D:2      | Reached XP level 4. HP: 21/24 MP: 1/9
  2682 | D:3      | Found Kupneps's Jewellery Shop.
  3282 | D:3      | Found Qokkav's Weapon Boutique.
  3518 | D:4      | Gained mutation: Your magical nature lets you fly swiftly
                  | and evasively. [Tengu growth]
  3518 | D:4      | Reached XP level 5. HP: 28/28 MP: 7/11
  3765 | D:4      | Reached skill level 6 in Air Magic
  3765 | D:4      | Reached XP level 6. HP: 32/32 MP: 5/13
  3916 | D:4      | Gained mutation: You passively dampen the noise of your
                  | surroundings. [potion of mutation]
  3916 | D:4      | Gained mutation: Potions are less effective at restoring
                  | your health. [potion of mutation]
  4267 | D:4      | Reached skill level 5 in Spellcasting
  4516 | D:4      | Found a staircase to the Ecumenical Temple.
  4555 | Temple   | Entered the Ecumenical Temple
  4608 | Temple   | Became a worshipper of Vehumet
  4763 | D:5      | Entered Level 5 of the Dungeon
  5033 | D:5      | You are sucked into a shaft and drop 2 floors!
  5481 | D:5      | Found an opulent altar of Gozag.
  5526 | D:5      | Reached XP level 7. HP: 36/36 MP: 10/16
  5693 | D:5      | Reached skill level 7 in Air Magic
  6108 | D:6      | Learned a level 4 spell: Airstrike
  6112 | D:6      | Learned a level 3 spell: Swiftness
  6190 | D:6      | Noticed Menkaure
  6195 | D:6      | Killed Menkaure
  6400 | D:6      | Reached XP level 8. HP: 41/41 MP: 17/19
  6424 | D:6      | Reached skill level 8 in Air Magic
  6630 | D:6      | Reached * piety under Vehumet
  6630 | D:6      | Offered knowledge of Foxfire by Vehumet.
  7119 | D:6      | Reached skill level 9 in Air Magic
  7170 | D:6      | Found a hide-covered altar of Uskayaw.
  7492 | D:6      | Found an ornate altar of the Wu Jian Council.
  7492 | D:6      | Found a stormy altar of Qazlal.
  7495 | D:6      | Found a broken altar of Ashenzari.
  7496 | D:6      | Found a shimmering altar of Xom.
  7597 | D:6      | Found an iron altar of Okawaru.
  7866 | D:7      | Reached XP level 9. HP: 45/45 MP: 6/22
  8599 | D:7      | Reached skill level 10 in Air Magic
  8712 | D:7      | Reached ** piety under Vehumet
  8712 | D:7      | Offered knowledge of Magic Dart by Vehumet.
  9014 | D:7      | Identified the +1 robe "Urghoin" {rElec rF+++ rN+ Str-2}
  9325 | D:8      | Noticed a two-headed ogre
  9648 | D:8      | Killed a two-headed ogre
  9649 | D:8      | Reached skill level 10 in Spellcasting
  9649 | D:8      | Reached skill level 11 in Air Magic
  9787 | D:8      | Reached XP level 10. HP: 50/50 MP: 16/25
 10352 | D:8      | Noticed Erica
 10362 | D:8      | Killed Erica
 10363 | D:8      | Reached skill level 12 in Air Magic
 10683 | D:8      | Offered knowledge of Searing Ray by Vehumet.
 11215 | D:10     | Entered Level 10 of the Dungeon
 11838 | D:9      | Noticed Harold
 11853 | D:9      | Killed Harold
 11871 | D:9      | Reached *** piety under Vehumet
 11872 | D:9      | Reached XP level 11. HP: 45/54 MP: 28/28
 11880 | D:9      | Reached skill level 13 in Air Magic
 12026 | D:10     | Found Naepoi's Armour Emporium.
 12026 | D:10     | Noticed a cyclops
 12031 | D:10     | Killed a cyclops
 12702 | D:10     | Learned a level 2 spell: Blink
 12708 | D:10     | Learned a level 5 spell: Arcjolt
 12714 | D:10     | Learned a level 5 spell: Plasma Beam
 12754 | D:10     | Noticed a two-headed ogre
 12757 | D:10     | Killed a two-headed ogre
 12913 | D:10     | Found a sacrificial altar of Ru.
 12920 | D:10     | Found a shadowy altar of Dithmenos.
 13334 | D:9      | Noticed a purple ugly thing
 13419 | D:9      | Killed a purple ugly thing
 13478 | D:9      | Noticed a death knight
 13573 | D:8      | Offered knowledge of Dazzling Flash by Vehumet.
 13680 | D:8      | Reached skill level 14 in Air Magic
 13685 | D:8      | Reached **** piety under Vehumet
 14017 | D:9      | Offered knowledge of Irradiate by Vehumet.
 14072 | D:9      | Killed a death knight
 14400 | D:9      | Slain by a freezing wraith

Illustrated notes

Levels and vault maps discovered:
D:1:      lemuel_arrival_muddy, layout_rooms, dreamdust_ecumenical_altar_grove,
          minmay_tripent
D:2:      layout_basic
D:3:      layout_basic, serial_shops, shop, nicolae_shop_trees
D:4:      layout_basic, temple_green, hangedman_abyss_or_decor_passed,
          nicolae_nh_ransacked_shop
D:5:      layout_gridville, grunt_gozag_statues, nicolae_ossuary_entry_plus,
          minmay_misc_feat_roman
D:6:      layout_loops_ring, mainiacjoe_overflow_cross_hatched,
          mainiacjoe_overflow_boulevard, mainiacjoe_overflow_alcove_3,
          uniq_menkaure
D:7:      layout_loops_ring
D:8:      layout_loops_cross, special_room [special_room_orc], worms_lemuel,
          uniq_erica
D:9:      layout_roguey, minmay_misc_feat_x, minmay_fractal_squares_gapless_7,
          uniq_harold
D:10:     layout_big_octagon, amethyst_overflow_temple_binary, enter_bailey_2,
          serial_shops, shop
Temple:   cyrus_circular_temple

Skill      XL: |  1  2  3  4  5  6  7  8  9 10 11 |
---------------+----------------------------------+-----
Air Magic      | 5 6 7 9 11 12 14 | 14.3
Spellcasting   | 3 4 5 6 8 10 12 13 | 13.8
Dodging        | |  2.1
Stealth        | |  2.0
Conjurations   | |  1.3

Action                     |  1- 3 |  4- 6 |  7- 9 | 10-12 || total
---------------------------+-------+-------+-------+-------++-------
  Melee: Unarmed           |     3 |     2 |       |    17 ||    22
         Kick              |     1 |     2 |     6 |     2 ||    11
         Flail             |       |       |    14 |     9 ||    23
         Peck              |       |       |       |     3 ||     3
   Cast: Shock             |    67 |   157 |    39 |       ||   263
         Static Discharge  |     1 |     3 |     6 |       ||    10
         Airstrike         |       |       |    90 |   155 ||   245
         Arcjolt           |       |       |       |     6 ||     6
         Plasma Beam       |       |       |       |     2 ||     2
         Swiftness         |       |       |       |     1 ||     1
  Evoke: Wand              |       |       |       |     4 ||     4
    Use: Potion            |       |     8 |     5 |     2 ||    15
         Scroll            |       |       |     3 |     7 ||    10
 Armour: Robe              |     3 |     1 |     5 |     3 ||    12
         Skin              |       |       |     5 |     1 ||     6
  Dodge: Dodged            |    11 |    31 |    42 |    54 ||   138

Table legend: (Time is in decaauts)
 A = Elapsed time spent in this place.
 B = Non-inter-level travel time spent in this place.
 C = Inter-level travel time spent in this place.
 D = Time resting spent in this place.
 E = Time spent auto-exploring this place.
 F = Levels seen in this place.
 G = Mean time per level.
                   A        B        C        D        E       F      G
               +--------+--------+--------+--------+--------+-----+--------+
         Total |  13947 |  13339 |    608 |   2845 |   9109 |  11 | 1267.9 |
       Dungeon |  13891 |  13295 |    596 |   2845 |   9074 |  10 | 1389.1 |
        Temple |     55 |     43 |     12 |      0 |     34 |   1 |   55.0 |
               +--------+--------+--------+--------+--------+-----+--------+

Top non-repeatable levels by time:
     D:9: 1785 daAuts
     D:7: 1739 daAuts
     D:6: 1617 daAuts
     D:8: 1560 daAuts
     D:4: 1379 daAuts
     D:2: 1338 daAuts
    D:10: 1316 daAuts
     D:3: 1084 daAuts
     D:1: 1069 daAuts
     D:5: 1000 daAuts
  Temple: 55 daAuts
